 Dungeon Crawl Stone Soup version 0.19-a0-1912-g48530cd (webtiles) character file.

30 severen the Cudgeler (level 3, -2/36 HPs)
             Began as an Ogre Skald on Dec 23, 2016.
             Slain by a hound (3 damage)
             ... on level 2 of the Dungeon.
             The game lasted 00:01:58 (1137 turns).

severen the Cudgeler (Ogre Skald)                   Turns: 1137, Time: 00:02:00

Health: -2/36      AC:  3    Str: 17    XL:     3   Next: 18%
Magic:  5/6        EV:  9    Int: 11    God:
Gold:   60         SH:  0    Dex: 10    Spells: 5/6 levels left

rFire  . . .     SeeInvis .     a - +0 mace
rCold  . . .     Faith    .     b - +0 robe
rNeg   . . .     Spirit   .     (no shield)
rPois  .         Reflect  .     (helmet restricted)
rElec  .                        (no cloak)
rCorr  .                        (gloves unavailable)
MR     .....                    (boots unavailable)
Stlth  +.........               (no amulet)
                                (no ring)
                                (no ring)

@: infused
A: unfitting armour, tough skin 1
a: no special abilities


You were on level 2 of the Dungeon.
You were not hungry.

You visited 1 branch of the dungeon, and saw 2 of its levels.

You collected 60 gold pieces.

Inventory:

Hand Weapons
 a - a +0 mace (weapon)
Missiles
 e - 565 stones (quivered)
 k - 43 tomahawks
Armour
 b - a +0 robe (worn)
Scrolls
 d - 2 scrolls of noise {unknown}
 g - a scroll of blinking {unknown}
 h - a scroll of magic mapping {unknown}
 i - 2 scrolls of enchant weapon {unknown}
 j - a scroll of remove curse {unknown}
Potions
 f - a potion of mutation {unknown}
Books
 c - a book of Battle

   Spells                             Type                      Level
   a - Infusion                       Charms                       1
   b - Shroud of Golubria             Charms/Translocation         2
   c - Song of Slaying                Charms                       2
   d - Spectral Weapon                Hexes/Charms                 3
   e - Regeneration                   Charms/Necromancy            3


   Skills:
 - Level 2.6 Fighting
 - Level 2.6 Maces & Flails
 - Level 1.3 Dodging
 - Level 2.4 Spellcasting
 + Level 2.0 Hexes
 - Level 2.1 Charms


You had 5 spell levels left.
You knew the following spells:

 Your Spells              Type           Power        Failure   Level  Hunger
a - Infusion              Chrm           #...         14%         1    ##.....


Dungeon Overview and Level Annotations

Branches:
Dungeon (2/15)
   Lair: D:-1         Crypt: Vaults:-1     Tomb: Vaults:-1

Altars:


Innate Abilities, Weirdness & Mutations

You are too large for most types of armour.
You have tough skin. (AC +1)


Message History

The hound bites you but does no damage. The hound closely misses you.
You hit the hound (4).
The hound is almost dead.
The hound bites you (5).
* * * LOW HITPOINT WARNING * * *
You closely miss the hound.
The hound is almost dead.
The hound barely misses you. x2
You barely miss the hound.
The hound is almost dead.
The hound bites you (4).
* * * LOW HITPOINT WARNING * * *
The hound barely misses you.
Casting: Infusion
Confirm with . or Enter, or press ? or * to list all spells.
You begin infusing your attacks with magical energy.
The hound bites you (2).
* * * LOW HITPOINT WARNING * * *
The hound bites you (3).
You die...

#.#.# #.#.##
#.#..#
#######.##.###
..............
######.###.##
###########.#
#...
#.........#.#
#... .##
#@#######.#.#
#[.. .... #h#
#.#.# #...
..... #.#
#.#.# #...
......#)####
#.#.# #...
...........#
#.#.# #(#.
...........#
#.#.# #...
.......(...#
#.#.# ###.
...........#
#.#.###...
.....(....##
#.#.....##


You could see a hound.

Vanquished Creatures
  A dart slug (D:2)
  A leopard gecko (D:1)
  2 ball pythons
  2 bats (D:1)
  2 giant cockroaches (D:1)
  A goblin (D:1)
  5 hobgoblins
  2 frilled lizards (D:1)
  4 kobolds
  6 rats
26 creatures vanquished.

Notes
Turn   | Place    | Note
-------+----------+-------------------------------------------
     0 | D:1      | severen the Ogre Skald began the quest for the Orb.
     0 | D:1      | Reached XP level 1. HP: 22/22 MP: 3/3
   221 | D:1      | Reached skill level 1 in Hexes
   221 | D:1      | Reached XP level 2. HP: 26/29 MP: 5/5
   827 | D:2      | Reached XP level 3. HP: 36/36 MP: 6/6
  1137 | D:2      | HP: 1/36 [hound (2)]
  1137 | D:2      | Slain by a hound

Vault maps used:
D:1:      lightli_arrival_maybe_door_vault, minmay_pentomino_z2
D:2:      nicolae_overflow_hidden_temple, gammafunk_temple_overflow_wave,
          first_bread, minmay_misc_feat_cross, makhleb_heckhound_becter

Skill      XL: |  1  2  3 |
---------------+----------+-----
Hexes          | 1 2 |  2.0
Fighting       | |  2.6
Maces & Flails | |  2.6
Dodging        | |  1.3
Spellcasting   | |  2.4
Charms         | |  2.1

Action                   || total
-------------------------++-------
Melee: Mace              ||    76
 Cast: Infusion          ||     1
 Stab: Sleeping          ||     1
Armor: Robe              ||    28
Dodge: Dodged            ||    37
